Map: 2000 Atmospheres LE

Players

Botvinnik

  • Race: Terran Terran
  • League: Grandmaster
  • Spawn Location: 7:00

llllllllllll - Winner!

  • Race: Terran Terran
  • League: Grandmaster
  • Spawn Location: 3:00

VOD

Have the link to the VOD?

Description

Time

  • Played on: July 28, 2021, 2:09 p.m.
  • Length: 16:09
Show
View Real Time Build Order
Export as new Build Order

Botvinnik Terran 

Build Orders:  

Get SALT Encoding   

  12  0:00  SCV  
  13  0:12  SCV  
  14  0:16  Supply Depot  
  14  0:24  SCV  
  15  0:38  SCV  
  15  0:40  Barracks  
  16  0:44  Refinery  
  16  0:50  SCV  
  16  0:52  Refinery  
  17  1:02  SCV  
  18  1:14  SCV  
  19  1:26  Reaper  
  19  1:27  Orbital Command  
  19  1:30  Supply Depot  
  20  1:40  Factory  
  20  1:52  SCV  
  21  1:59  Barracks Reactor  
  21  2:04  SCV  
  22  2:14  Command Center  
  22  2:17  SCV  
  23  2:24  Hellion  
  23  2:29  SCV  
  26  2:35  Reaper x2  
  28  2:37  Supply Depot  
  28  2:42  SCV  
  29  2:45  Hellion  
  31  2:53  Starport  
  31  2:59  SCV  
  32  3:07  Factory Tech Lab, Marine x2  
  32  3:11  SCV  
  35  3:19  Refinery  
  35  3:23  SCV  
  35  3:25  Cyclone  
  39  3:32  Marine x2  
  41  3:37  SCV, Starport Tech Lab  
  41  3:47  Orbital Command  
  39  3:49  Marine  
  39  3:50  Marine  
  41  3:56  SCV, Raven  
  41  3:59  Supply Depot  
  44  4:07  Marine x2  
  46  4:10  Siege Tank  
  46  4:15  SCV x2  
  51  4:29  SCV x2  
  51  4:30  Supply Depot  
  53  4:32  Marine x2  
  51  4:47  SCV x2  
  51  4:50  Supply Depot, Raven  
  51  4:51  Siege Tank  
  59  4:59  SCV x2  
  59  5:02  Command Center  
  59  5:11  SCV x2  
  61  5:16  Marine x2  
  63  5:23  SCV x2  
  63  5:24  Siege Tank  
  68  5:31  Supply Depot  
  68  5:35  SCV x2  
  70  5:44  Viking x2  
  70  5:45  Stimpack  
  70  5:47  SCV x2  
  76  5:57  Barracks  
  76  5:59  SCV x2, Barracks  
  76  6:00  Siege Tank  
  76  6:01  Marine  
  82  6:05  Refinery  
  82  6:11  SCV x2  
  82  6:14  Viking x2  
  82  6:15  Orbital Command  
  88  6:21  Marine  
  88  6:23  SCV  
  91  6:33  Engineering Bay  
  91  6:34  Engineering Bay  
  91  6:37  SCV x2  
  90  6:43  Viking  
  90  6:44  Viking  
  90  6:45  Orbital Command  
  90  6:47  Barracks Reactor x2  
  90  6:49  SCV x2  
  92  6:57  Siege Tank, Marine  
  92  7:01  SCV x2, Terran Infantry Weapons Level 1  
  97  7:08  Refinery  
  97  7:10  Refinery  
  97  7:13  SCV x2  
  99  7:18  Viking  
  100  7:23  Terran Infantry Armor Level 1, SCV, Supply Depot x2  
  100  7:25  SCV, Viking  
  104  7:32  Combat Shield  
  104  7:34  SCV  
  105  7:37  SCV  
  105  7:39  Sensor Tower  
  105  7:42  Marine x3  
  109  7:44  Marine x2  
  109  7:46  Supply Depot  
  109  7:47  Supply Depot  
  109  7:48  SCV  
  109  7:49  SCV  
  109  7:50  SCV  
  113  7:57  Barracks  
  113  8:00  Barracks  
  113  8:01  SCV  
  113  8:02  Siege Tank  
  113  8:04  SCV x2  
  119  8:07  Medivac  
  119  8:08  Medivac  
  123  8:13  SCV  
  123  8:16  SCV  
  123  8:18  Armory  
  124  8:20  Marine x5  
  124  8:26  Command Center  
  129  8:28  Supply Depot  
  129  8:29  Supply Depot  
  129  8:35  Siege Tank  
  132  8:41  Factory, Marine x2  
  132  8:42  Marine  
  132  8:44  Supply Depot, Viking  
  132  8:45  Liberator  
  140  8:49  Barracks Reactor x2  
  140  8:55  Marine  
  142  8:59  Marine x3  
  142  9:02  Supply Depot x2  
  144  9:06  Barracks Reactor  
  144  9:13  Marine  
  144  9:15  Terran Infantry Weapons Level 2  
  145  9:17  Marine x3  
  145  9:20  Siege Tank  
  145  9:22  Viking  
  153  9:28  Viking  
  153  9:30  Marine  
  156  9:35  Marine x2  
  156  9:36  Marine x3  
  161  9:42  Siege Tank  
  161  9:44  Marine x2  
  166  9:47  Marine x2, Terran Infantry Armor Level 2  
  166  9:48  Terran Vehicle Weapons Level 1  
  166  9:51  SCV x3  
  171  9:55  Viking  
  171  9:58  Marine x5, Viking  
  171  9:59  Marine  
  181  10:02  Marine  
  181  10:04  Refinery  
  182  10:07  Refinery  
  182  10:08  Siege Tank  
  182  10:13  Planetary Fortress  
  185  10:16  Siege Tank  
  188  10:26  Supply Depot  
  196  10:33  SCV x3  
  191  10:36  Viking x2  
  195  10:45  SCV  
  195  10:47  Starport  
  195  10:48  SCV x2, Armory  
  195  10:49  Starport  
  198  11:15  Siege Tank  
  200  11:30  Command Center x2  
  200  11:32  Starport Tech Lab x2  
  200  11:37  Viking  
  199  11:45  Marine  
  200  11:51  Terran Vehicle Weapons Level 2  
  200  11:53  Terran Vehicle And Ship Armor Level 1  
  198  11:54  Marine x2  
  191  12:01  Raven  
  191  12:02  Raven, Viking  
  191  12:08  Viking  
  190  12:29  Command Center  
  190  12:31  Command Center  
  190  12:32  Viking  
  192  12:38  Command Center  
  192  12:41  Siege Tank x2  
  198  12:47  Terran Infantry Weapons Level 3, Terran Infantry Armor Level 3  
  178  12:53  Viking  
  178  12:54  Viking x2  
  181  13:07  Viking  
  183  13:23  Viking  
  168  13:34  Liberator x2  
  168  13:37  Liberator, Marine  
  168  13:38  Marine x7  
  168  13:39  Siege Tank  
  168  13:40  Siege Tank  
  183  13:43  Orbital Command x3  
  183  13:48  Terran Ship Weapons Level 1  
  183  13:58  Starport  
  183  13:59  Starport  
  183  14:00  Marine  
  184  14:11  Refinery  
  184  14:12  Refinery  
  184  14:14  Siege Tank x2, Marine x9  
  184  14:15  Medivac  
  198  14:17  Medivac  
  195  14:36  Marine x8  
  188  14:45  Marine x2  
  178  14:46  Siege Tank x2, Raven  
  178  14:47  Raven  
  188  14:53  Marine  
  188  14:54  Marine x4  
  188  14:55  Planetary Fortress  
  193  15:01  Marine x2  
  193  15:02  Marine  
  193  15:03  Marine x2  
  198  15:11  Marine  
  193  15:45  Marine x5  
  193  15:46  Marine x3  
  191  15:55  SCV x4  
  191  15:57  Starport Tech Lab  
Show
View Real Time Build Order
Export as new Build Order

llllllllllll Terran - Winner!

Build Orders:  

Get SALT Encoding   

  12  0:00  SCV  
  13  0:12  SCV  
  14  0:17  Supply Depot  
  14  0:24  SCV  
  14  0:27  Refinery  
  15  0:39  SCV  
  16  0:45  Barracks  
  16  0:51  SCV  
  16  0:55  Refinery  
  17  1:03  SCV  
  18  1:15  SCV  
  19  1:32  Orbital Command, Reaper  
  20  1:41  Factory  
  20  1:47  Supply Depot  
  20  1:58  SCV  
  21  2:04  Reaper  
  22  2:10  SCV  
  23  2:22  SCV  
  24  2:25  Hellion  
  26  2:30  Command Center  
  26  2:35  SCV  
  28  2:37  Reaper  
  28  2:40  Supply Depot  
  28  2:46  Hellion  
  28  2:47  SCV  
  31  2:55  Starport  
  31  3:01  SCV  
  32  3:08  Factory Tech Lab  
  32  3:09  Barracks Reactor  
  32  3:13  SCV, Refinery  
  33  3:26  SCV  
  34  3:29  Cyclone  
  34  3:33  Starport Tech Lab  
  37  3:38  SCV  
  38  3:47  Marine  
  38  3:48  Orbital Command, Marine  
  39  3:50  SCV  
  39  3:52  Raven  
  42  4:02  SCV  
  43  4:05  Siege Tank, Marine x2  
  48  4:10  Supply Depot  
  48  4:14  SCV  
  48  4:17  SCV  
  50  4:23  Marine x2  
  52  4:26  SCV  
  52  4:29  SCV  
  54  4:36  Raven  
  56  4:38  SCV  
  56  4:41  Marine x2  
  57  4:50  SCV, Siege Tank  
  59  4:52  Supply Depot  
  59  4:54  SCV  
  59  4:59  Marine x2  
  62  5:09  Command Center  
  62  5:11  Refinery  
  62  5:14  SCV x2  
  62  5:17  Marine x2, Supply Depot  
  62  5:19  Raven  
  68  5:26  SCV x2  
  68  5:27  Supply Depot  
  70  5:38  SCV, Siege Tank  
  70  5:40  Barracks  
  70  5:41  Marine x2  
  70  5:42  SCV  
  77  5:45  Barracks  
  77  5:49  Supply Depot  
  77  5:50  SCV  
  77  5:54  SCV  
  79  6:03  SCV  
  80  6:07  SCV  
  80  6:10  Siege Tank  
  82  6:11  Engineering Bay  
  82  6:12  Engineering Bay  
  82  6:15  SCV  
  83  6:19  SCV  
  83  6:21  Stimpack, Viking x2  
  83  6:23  Orbital Command  
  88  6:29  Barracks Reactor  
  88  6:32  Barracks Reactor  
  88  6:34  SCV x2  
  90  6:45  Siege Tank  
  90  6:46  SCV  
  94  6:47  Terran Infantry Armor Level 1, Terran Infantry Weapons Level 1  
  94  6:50  Orbital Command  
  94  6:51  Viking  
  95  6:55  SCV, Viking  
  95  6:58  SCV  
  95  6:59  Supply Depot  
  95  7:00  Marine  
  100  7:06  Marine  
  100  7:07  SCV  
  100  7:08  Marine x2  
  102  7:09  Marine  
  102  7:10  SCV  
  106  7:17  Marine  
  106  7:21  SCV, Siege Tank  
  106  7:22  SCV  
  112  7:23  Supply Depot  
  112  7:24  Marine  
  112  7:25  Viking  
  112  7:26  Marine x3  
  117  7:34  Refinery  
  117  7:35  Supply Depot  
  117  7:36  Refinery  
  117  7:44  Viking  
  117  7:45  SCV x3  
  117  7:46  Supply Depot  
  117  7:47  Barracks  
  117  7:48  Marine, Barracks  
  125  7:56  Siege Tank, Marine  
  125  7:57  SCV x3  
  132  7:58  Supply Depot  
  132  8:03  Armory  
  132  8:05  Combat Shield  
  132  8:07  Sensor Tower  
  132  8:09  Viking  
  132  8:12  SCV x2  
  134  8:13  SCV  
  134  8:14  Viking  
  134  8:16  Marine  
  134  8:17  Marine  
  139  8:20  Marine  
  139  8:22  Marine  
  139  8:24  SCV  
  139  8:25  Factory  
  143  8:32  Command Center  
  142  8:36  Barracks Reactor  
  142  8:37  Barracks Reactor  
  142  8:41  Viking  
  144  8:44  Marine, Viking  
  144  8:45  Marine  
  149  8:51  Siege Tank  
  149  8:52  Terran Infantry Weapons Level 2  
  149  8:54  Marine  
  149  8:55  Marine x2  
  154  8:56  SCV x2  
  154  8:59  Terran Infantry Armor Level 2  
  154  9:02  Marine  
  156  9:05  Marine, Supply Depot  
  156  9:06  Supply Depot  
  158  9:11  Viking  
  158  9:12  Marine  
  158  9:14  Viking  
  161  9:23  Siege Tank, Marine  
  165  9:27  Marine x2  
  167  9:33  Starport  
  167  9:34  Starport  
  167  9:36  SCV x2  
  167  9:38  Terran Vehicle Weapons Level 1, Barracks Reactor, Marine x2  
  169  9:39  Marine  
  169  9:40  Marine  
  169  9:41  Marine  
  174  9:46  Viking  
  174  9:47  Viking  
  174  9:48  Missile Turret x2  
  174  9:50  Marine  
  174  9:51  Missile Turret, Marine  
  180  9:57  Siege Tank  
  182  10:00  Marine  
  182  10:05  Marine  
  183  10:16  Marine  
  186  10:21  Starport Tech Lab x2  
  186  10:22  Missile Turret  
  186  10:23  Missile Turret  
  186  10:24  SCV x2, Marine  
  186  10:25  Refinery  
  186  10:27  Refinery, Medivac x2  
  191  10:30  Sensor Tower  
  191  10:32  Planetary Fortress  
  191  10:40  Command Center  
  191  10:42  Corvid Reactor  
  191  10:45  Sensor Tower  
  191  10:48  Supply Depot  
  191  10:51  Raven  
  192  11:01  Command Center  
  192  11:03  Raven  
  194  11:13  Terran Infantry Weapons Level 3  
  194  11:18  Command Center  
  194  11:26  Terran Infantry Armor Level 3  
  194  11:32  Command Center x2  
  194  11:35  Raven  
  194  11:37  Siege Tank  
  194  11:38  Marine x3  
  198  11:51  Raven  
  182  12:05  Missile Turret  
  182  12:06  Missile Turret, Supply Depot  
  182  12:07  Orbital Command, Supply Depot  
  181  12:09  Command Center  
  181  12:13  Orbital Command  
  181  12:16  Terran Vehicle Weapons Level 2  
  181  12:19  Raven  
  181  12:20  Marine x4  
  187  12:23  Marine  
  187  12:29  Marine  
  189  12:34  Raven  
  191  12:37  Marine  
  191  12:38  Siege Tank, Marine x3  
  191  12:43  Marine  
  199  12:44  Orbital Command x2  
  199  12:46  Marine  
  199  12:48  Marine x2  
  199  12:49  Siege Tank, Marine x2  
  185  12:55  Marine  
  185  12:56  Marine x3  
  188  13:01  Marine, Raven  
  188  13:03  Planetary Fortress  
  188  13:04  Marine  
  192  13:06  Marine  
  192  13:08  Marine  
  192  13:09  Marine x2  
  192  13:10  Missile Turret  
  196  13:13  Marine  
  196  13:17  Raven  
  193  13:20  Siege Tank  
  193  13:21  Orbital Command  
  196  13:30  Marine  
  196  13:33  Siege Tank  
  174  13:34  Marine x2  
  174  13:35  Marine  
  174  13:36  Viking  
  174  13:37  Marine  
  174  13:38  Marine x2  
  174  13:40  Marine  
  169  13:44  Raven  
  169  13:48  Marine  
  174  13:49  SCV, Refinery  
  174  13:52  Siege Tank  
  174  13:53  Neosteel Armor  
  176  13:56  Medivac  
  176  14:00  Marine x3  
  176  14:01  Marine x2, Medivac  
  176  14:02  Marine x3  
  187  14:09  Medivac  
  190  14:13  Marine  
  190  14:14  Marine  
  189  14:18  Marine x3  
  189  14:21  Marine  
  189  14:23  Marine x2  
  195  14:24  Refinery  
  195  14:26  Marine, Medivac  
  195  14:27  Marine  
  195  14:31  Marine  
  200  14:39  Marine x2  
  200  14:40  Siege Tank  
  200  14:43  Medivac  
  200  14:44  Marine  
  195  14:49  Marine  
  195  14:51  Medivac, Barracks x2  
  198  14:54  Medivac  
  198  14:56  Barracks  
  197  15:01  Marine x2  
  197  15:02  Marine  
  200  15:17  Starport  
  200  15:19  Starport  
  200  15:32  Siege Tank  
  200  15:42  Marine  
  187  15:45  Marine  
  187  15:46  Marine x2  
  187  15:50  Marine  
  187  15:56  Barracks Reactor  
  184  15:57  Barracks Reactor  
  184  16:00  Starport Reactor  
  184  16:01  Armory  
Tags
 
Add a new tag
Caveats
  • Supply blocks, unpowered buildings, or Contaminate may cause inaccurate times.
  • Supply counts are checked every 10 seconds.